 Dungeon Crawl Stone Soup version 0.31.0-9-g3a7656b989 (webtiles) character file.

Game seed: 3860827653742801315

423 qw the Skirmisher (level 6, -1/35 HPs)
             Began as a Deep Elf Hunter on Feb 2, 2024.
             Slain by an adder (2 damage)
             ... on level 4 of the Dungeon.
             The game lasted 00:00:10 (2683 turns).

qw the Skirmisher (Deep Elf Hunter)                 Turns: 2683, Time: 00:00:11

Health: -1/35      AC:  6    Str: 10    XL:     6   Next: 63%
Magic:  8/8        EV: 11    Int: 14    God:
Gold:   57         SH:  0    Dex: 18    Spells: 5/5 levels left

rFire   + . .        a - +1 shortbow (flame)
rCold   + . .        (shield currently unavailable)
rNeg    . . .        l - +0 ring mail
rPois   .            (no helmet)
rElec   .            (no cloak)
rCorr   .            p - +0 pair of gloves
SInv    .            (no boots)
Will    .....        (no amulet)
Stlth   +            k - ring of protection from fire
HPRegen 0.25/turn    o - ring of protection from cold
MPRegen 0.11/turn

%: no passive effects
@: lethally poisoned (-1 -> -6)
A: no striking features
a: no special abilities


You were on level 4 of the Dungeon.
You visited 1 branch of the dungeon, and saw 4 of its levels.

You collected 57 gold pieces.


   Skills:
 - Level 2.0 Fighting
 - Level 10.0 Ranged Weapons
 + Level 0.2 Armour
 - Level 3.3 Dodging
 - Level 1.2 Stealth


You had 5 spell levels left.
You didn't know any spells.
Your spell library was empty.

Inventory:

Hand Weapons
 a - a +1 shortbow of flaming (weapon)
Armour
 d - a +0 helmet
 l - a +0 ring mail (worn)
 p - a +0 pair of gloves (worn)
Jewellery
 i - a ring of resist corrosion
 k - a ring of protection from fire (left hand)
 o - a ring of protection from cold (right hand)
 Y - a ring of willpower
Wands
 b - a wand of polymorph (11)
 c - a wand of flame (41)
 f - a wand of digging (4)
Scrolls
 n - a scroll of identify {unknown}
 q - a scroll of teleportation
Potions
 e - a potion of resistance {unknown}
 g - a potion of mutation {unknown}
 h - a potion of curing {unknown}
 j - a potion of invisibility {unknown}
 m - a potion of lignification {unknown}
 r - a potion of attraction {unknown}
 s - 2 potions of heal wounds {unknown}

Dungeon Overview and Level Annotations

Branches:
Dungeon (4/15)
 Temple: D:4-7

Altars:

Annotations:
D:3 1 runed translucent door, qw's ghost, amateur DEHu


Message History

The sleepcap releases spores at you but does no damage.
You shoot an arrow. The arrow hits the sleepcap.
The arrow burns the sleepcap.
The sleepcap is severely damaged.
The sleepcap releases spores at you.
You shoot an arrow. The arrow hits the sleepcap.
The arrow burns the sleepcap.
The sleepcap is severely damaged.
The sleepcap barely misses you.
You shoot an arrow. The arrow hits the sleepcap.
The arrow burns the sleepcap.
The sleepcap is almost destroyed.
The sleepcap releases spores at you.
You shoot an arrow. The arrow hits the sleepcap.
The arrow burns the sleepcap.
You destroy the sleepcap!
Your Dodging skill increases to level 3!
You start resting.
HP restored.
An adder comes into view.
You shoot an arrow. The arrow hits the adder.
The arrow burns the adder.
The adder is lightly wounded.
You shoot an arrow. The arrow closely misses the adder.
You shoot an arrow. The arrow hits the adder!
The arrow burns the adder.
You kill the adder!
An ogre and an adder come into view.
The ogre shouts!
The adder hisses angrily.
You shoot an arrow. The arrow hits the ogre.
The arrow burns the ogre.
The ogre is moderately wounded.
You shoot an arrow. The arrow hits the ogre.
The arrow burns the ogre.
The ogre is moderately wounded.
You shoot an arrow. The arrow hits the ogre.
The arrow burns the ogre.
The ogre is heavily wounded.
The ogre hits you with a +0 giant spiked club!
You shoot an arrow. The arrow barely misses the ogre.
The adder bites you.
You are poisoned.
The adder poisons you!
You shoot an arrow. The arrow hits the ogre.
The arrow burns the ogre.
The ogre is severely wounded.
You feel sick.
The ogre hits you with a +0 giant spiked club!
The adder bites you.
You die...

#.#.### ##.#...###
#........### ..........#
.........#####
......####..###
#SO.####......### #
#@####..........##
##.####.................
#........##..###....####
#........##.#####...#..
#...................#.##
#........#########..#.##
#........# #......
#........# #)...#.
########## ######.


You could see an ogre and an adder.

Vanquished Creatures
  A phantom (D:4)
  A howler monkey (D:3)
  A hound (D:4)
  A jelly (D:4)
  A sleepcap (D:4)
  Ijyb (D:4)
  Terence (D:3)
  4 gnolls (D:3)
  7 adders
  A ribbon worm (D:4)
  3 dart slugs
  2 orcs
  4 endoplasms
  4 giant cockroaches
  8 goblins
  7 hobgoblins
  2 jackals (D:2)
  3 ball pythons
  3 bats (D:1)
  2 frilled lizards
  13 kobolds
  5 rats
75 creatures vanquished.

Notes
Turn   | Place    | Note
-------+----------+-------------------------------------------
     0 | D:1      | qw the Deep Elf Hunter began the quest for the Orb.
     0 | D:1      | Reached XP level 1. HP: 12/12 MP: 3/3
     0 | D:1      | 0 ||| qw: Version: 0.3-a-155-g5e7d8dd
     0 | D:1      | 0 ||| qw: Game counter: 2641
     0 | D:1      | 0 ||| qw: Melee chars always use a shield: true
     0 | D:1      | 0 ||| qw: God list: Okawaru
     0 | D:1      | 0 ||| qw: Allow faded altars: false
     0 | D:1      | 0 ||| qw: Do Orc after clearing Dungeon:15 true
     0 | D:1      | 0 ||| qw: Do second Lair branch before Depths: true
     0 | D:1      | 0 ||| qw: Lair rune preference: random
     0 | D:1      | 0 ||| qw: Goals: Normal
     0 | D:1      | 0 ||| PLANNING D:1-11
     2 | D:1      | Noticed a barachi
     4 | D:1      | Noticed an oni
     4 | D:1      | Noticed an octopode
     6 | D:1      | Noticed a gargoyle
     6 | D:1      | Noticed a vine stalker
     8 | D:1      | Noticed a minotaur
     8 | D:1      | Noticed a merfolk
    10 | D:1      | Noticed a demigod
    10 | D:1      | Noticed a human
    12 | D:1      | Noticed an elf
    12 | D:1      | Noticed a vampire
    14 | D:1      | Noticed an armataur
    16 | D:1      | Noticed a felid
    16 | D:1      | Noticed a demonspawn
    18 | D:1      | Noticed a troll
    18 | D:1      | Noticed a spriggan
    20 | D:1      | Noticed a ghoul
    20 | D:1      | Noticed a djinni
    22 | D:1      | Noticed a naga
    24 | D:1      | Noticed a draconian
    24 | D:1      | Noticed a tengu
    26 | D:1      | Noticed a formicid
    95 | D:1      | HP: 2/12 [kobold/+0 dagger (2)]
   101 | D:1      | Reached XP level 2. HP: 2/16 MP: 4/4
   182 | D:1      | Reached skill level 6 in Ranged Weapons
   522 | D:1      | 522 ||| UPGRADING to ring of willpower.
   523 | D:1      | 523 ||| UPGRADING to ring of resist corrosion.
   524 | D:1      | 524 ||| UPGRADING to ring of protection from fire.
   526 | D:1      | 526 ||| UPGRADING to ring of willpower.
   528 | D:1      | 528 ||| READING scroll labelled JAZAGRIUFF.
   528 | D:1      | 528 ||| BRANDING +0 shortbow.
   529 | D:1      | 529 ||| READING 2 scrolls labelled MIWKAQ UNOR.
   530 | D:1      | 530 ||| READING scroll labelled OWOYFA ISHYNK.
   531 | D:1      | 531 ||| DROPPING scroll of butterflies.
   532 | D:1      | 532 ||| DROPPING scroll of amnesia.
   730 | D:2      | Reached XP level 3. HP: 20/20 MP: 5/5
   770 | D:2      | Identified the +5 chain mail of Ralorgh {-Tele Rampage
                  | rF+++ Will-}
   957 | D:2      | 957 ||| FLEEEEING.
   958 | D:2      | 958 ||| FLEEEEING.
   959 | D:2      | 959 ||| FLEEEEING.
   961 | D:2      | 961 ||| FLEEEEING.
   962 | D:2      | 962 ||| FLEEEEING.
   964 | D:2      | 964 ||| FLEEEEING.
   965 | D:2      | 965 ||| FLEEEEING.
   966 | D:2      | 966 ||| FLEEEEING.
   969 | D:2      | Reached skill level 7 in Ranged Weapons
  1239 | D:2      | 1239 ||| READING 3 scrolls labelled ENGARCH MAESA.
  1275 | D:2      | 1275 ||| DRINKING 2 sedimented dark potions.
  1276 | D:2      | 1276 ||| DROPPING 2 scrolls of torment.
  1277 | D:2      | 1277 ||| DROPPING potion of degeneration.
  1320 | D:3      | 1320 ||| RETREEEEATING.
  1322 | D:3      | Reached XP level 4. HP: 25/25 MP: 6/6
  1334 | D:3      | HP: 4/25 [gnoll/+0 halberd (8)]
  1468 | D:3      | Reached skill level 8 in Ranged Weapons
  1507 | D:3      | Noticed Terence
  1516 | D:3      | Killed Terence
  1517 | D:3      | Reached XP level 5. HP: 22/29 MP: 7/7
  1534 | D:3      | 1534 ||| FLEEEEING.
  1782 | D:3      | Reached skill level 9 in Ranged Weapons
  1997 | D:3      | Found a runed translucent door.
  2193 | D:3      | Noticed qw's ghost (amateur DEHu)
  2195 | D:3      | 2195 ||| UPGRADING to +0 scale mail.
  2205 | D:3      | 2205 ||| DROPPING +0 leather armour.
  2206 | D:3      | 2206 ||| UPGRADING to +0 ring mail.
  2216 | D:3      | 2216 ||| DROPPING +0 scale mail.
  2217 | D:3      | 2217 ||| UPGRADING to +0 pair of gloves.
  2222 | D:3      | 2222 ||| UPGRADING to ring of protection from cold.
  2224 | D:3      | 2224 ||| READING scroll labelled YFYTUA FILOI.
  2241 | D:3      | 2241 ||| READING scroll labelled BUXYOS JON HINETRE.
  2241 | D:3      | 2241 ||| ENCHANTING +0 shortbow of flaming.
  2242 | D:3      | 2242 ||| READING scroll labelled ACOULU HUNONI.
  2566 | D:4      | Noticed Ijyb
  2572 | D:4      | Killed Ijyb
  2573 | D:4      | Reached XP level 6. HP: 35/35 MP: 8/8
  2591 | D:4      | Reached skill level 10 in Ranged Weapons
  2661 | D:4      | Reached skill level 3 in Dodging
  2683 | D:4      | HP: 1/35 [ogre/+0 giant spiked club (17)]
  2683 | D:4      | Slain by an adder

Levels and vault maps discovered:
D:1:      kb_arrival_jail, layout_rooms
D:2:      layout_loops_ring
D:3:      layout_loops_cross, ebering_ghost_reflecting_pool, uniq_terence
D:4:      layout_basic, dk_noncrumbling_2, minmay_misc_feat_x, uniq_ijyb

Skill      XL: |  1  2  3  4  5  6 |
---------------+-------------------+-----
Ranged Weapons | 6 7 8 9 10 | 10.0
Fighting       | 2 |  2.0
Dodging        | 3 |  3.3
Armour         | |  0.2
Stealth        | |  1.2

Action                     |  1- 3 |  4- 6 || total
---------------------------+-------+-------++-------
   Fire: Shortbow          |   106 |   135 ||   241
    Use: Scroll            |     4 |     3 ||     7
         Potion            |     1 |       ||     1
 Armour: Leather armour    |    24 |    14 ||    38
         Ring mail         |       |    19 ||    19
  Dodge: Dodged            |    27 |    18 ||    45

Table legend:
 A = Non-vault XP
 B = Vault XP
 C = Vault XP percentage of total XP
 D = Non-vault monster count
 E = Vault monster count
 F = Vault count percentage of total count
                 A         B        C        D         E       F
            +---------+---------+-------+---------+---------+-------
      Total |     533 |      72 |  11.9 |      73 |       2 |   2.7
            +---------+---------+-------+---------+---------+-------
        D:1 |      32 |       0 |   0.0 |      21 |       0 |   0.0
        D:2 |      47 |       0 |   0.0 |      13 |       0 |   0.0
        D:3 |     183 |      36 |  16.4 |      23 |       1 |   4.2
        D:4 |     271 |      36 |  11.7 |      16 |       1 |   5.9
            +---------+---------+-------+---------+---------+-------
